 Dungeon Crawl Stone Soup version 0.28-a0-906-g0406aca7d3 (webtiles) character file.

Game seed: 8517080697359791210

508973 freelancePsychic the Warrior (level 25, 0/405 HPs)
             Began as a Naga Berserker on Nov 23, 2021.
             Was the Champion of Trog.
             Killed from afar by a purple draconian (16 damage)
             ... with a bolt of dispelling energy
             ... on level 1 of the Realm of Zot.
             The game lasted 02:04:45 (47158 turns).

freelancePsychic the Warrior (Naga Berserker)      Turns: 47158, Time: 02:04:45

Health: 0/405      AC: 50    Str: 35    XL:     25   Next: 6%
Magic:  23/23      EV: 16    Int: 18    God:    Trog [******]
Gold:   1059       SH: 29    Dex: 24    Spells: 24/24 levels left

rFire   + + +      SeeInvis +   b - +16 lance "Wyrmbane" {slay drac, rPois rF+ rC+ AC+3}
rCold   + + .      Faith    .   s - +8 tower shield
rNeg    . . .      Spirit   .   R - +8 orange crystal plate armour {Archmagi, Int+3 Clar}
rPois   +          Reflect  .   (helmet restricted)
rElec   .          Harm     .   m - scarf {rC+ rF+}
rCorr   .          Rampage  .   e - +1 pair of gloves {Str+3}
Will    +++++      Archmagi +   L - +4 barding {rF+}
Stlth   .......... Clarity  +   z - amulet of Vitality {Regen+ HP+15}
HPRegen 2.77/turn               h - +4 ring of evasion
MPRegen 0.18/turn               w - ring "Otideeck" {Drain Str+6 Int+5 Dex+6}

@: berserking, strong-willed, regenerating, studying 4 skills, quick
A: AC +8, large, see invisible, deformed body, poison resistance, slowness 2,
spit poison 2, naga tail 2, antennae 1, clever 1, strong 1, evolution 1
}: 3/15 runes: barnacled, silver, gossamer
a: Breathe Poison Gas, Renounce Religion, Berserk, Trog's Hand, Brothers in Arms


You were on level 1 of the Realm of Zot.
You worshipped Trog.
Trog was exalted by your worship.
You visited 9 branches of the dungeon, and saw 44 of its levels.
You visited 1 bazaar.
You also visited: Sewer, Bailey, Gauntlet and Wizlab.

You collected 5901 gold pieces.
You spent 4842 gold pieces at shops.

Inventory:

Hand Weapons
 a - a +9 demon whip of electrocution
 b - the +16 lance "Wyrmbane" (weapon) {slay drac, rPois rF+ rC+ AC+3}
   (You took it off a merfolk javelineer on level 4 of the Shoals)

   It inflicts extra damage against dragons and draconians.
   AC:        It affects your AC (+3).
   rF:        It protects you from fire.
   rC:        It protects you from cold.
   rPois:     It protects you from poison.
Missiles
 j - 87 poisoned darts (quivered)
Armour
 e - a +1 pair of gloves of strength (worn)
 m - a scarf of resistance (worn)
 s - a +8 tower shield (worn)
 L - a +4 barding of fire resistance (worn)
 P - the +2 helmet of Grim Lucidity {rPois Int+3 SInv Stlth+}
   (You found it on level 3 of the Spider Nest)

   Int:       It affects your intelligence (+3).
   rPois:     It protects you from poison.
   SInv:      It lets you see invisible.
   Stlth:     It makes you more stealthy.
 R - the +8 orange crystal plate armour (worn) {Archmagi, Int+3 Clar}
   (You found it on level 6 of the Lair of Beasts)

   Int:       It affects your intelligence (+3).
   Clar:      It protects you against confusion.
Jewellery
 h - a +4 ring of evasion (left hand)
 w - the ring "Otideeck" (right hand) {Drain Str+6 Int+5 Dex+6}
   (You found it on level 8 of the Dungeon)

   [ring of dexterity]

   Str:       It affects your strength (+6).
   Int:       It affects your intelligence (+5).
   Dex:       It affects your dexterity (+6).
   Drain:     It drains your maximum health when unequipped.
 z - the amulet of Vitality (around neck) {Regen+ HP+15}
   (You found it on level 6 of the Dungeon)

   [amulet of regeneration]

   HP:        It affects your health (+15).
   Regen:     It increases your rate of health regeneration.
 N - the ring of Jaithant {rPois rC+ Int+4}
   (You took it off a minotaur in a Gauntlet)

   [ring of protection from cold]

   Int:       It affects your intelligence (+4).
   rC:        It protects you from cold.
   rPois:     It protects you from poison.
 Y - a ring of magical power
Wands
 k - a wand of iceblast (46)
 o - a wand of mindburst (17)
 y - a wand of digging (12)
 A - a wand of flame (86)
 B - a wand of acid (60)
 C - a wand of charming (22)
 F - a wand of polymorph (25)
 M - a wand of paralysis (26)
Scrolls
 d - 20 scrolls of teleportation {@r4}
 g - 2 scrolls of immolation
 t - 4 scrolls of fear
 x - 4 scrolls of blinking
 E - 7 scrolls of summoning
 O - 15 scrolls of identify {@r1}
 Q - a scroll of holy word
 S - 5 scrolls of vulnerability
 W - 6 scrolls of magic mapping
 X - 5 scrolls of fog
 Z - 5 scrolls of enchant weapon
Potions
 c - 8 potions of heal wounds {@q2}
 f - 4 potions of cancellation
 i - 4 potions of magic
 l - 2 potions of mutation
 p - 6 potions of ambrosia
 q - 26 potions of curing {@q1}
 r - 6 potions of attraction
 u - 4 potions of berserk rage
 v - 10 potions of haste {@q3}
 G - 9 potions of lignification
 H - 4 potions of invisibility
 I - 12 potions of resistance
 J - 5 potions of might
 T - 4 potions of flight
Miscellaneous
 n - a condenser vane
 D - a phantom mirror
 K - a lightning rod (4/4)
 U - a box of beasts (inert)
 V - a tin of tremorstones (inert)


   Skills:
 + Level 20.9 Fighting
 - Level 10.0 Short Blades
 - Level 12.0 Maces & Flails
 - Level 12.0 Polearms
 + Level 15.9 Armour
 + Level 13.8 Dodging
 - Level 8.6 Stealth
 - Level 15.0 Shields
 + Level 18.6 Evocations


You had 24 spell levels left.
You didn't know any spells.
Your spell library was empty.

Dungeon Overview and Level Annotations

Branches:
Dungeon (15/15)            Temple (0/1) D:4            Lair (6/6) D:11
 Shoals (4/4) Lair:4       Spider (4/4) Lair:2        Slime (0/5) Lair:5
    Orc (2/2) D:12            Elf (3/3) Orc:2        Vaults (5/5) D:14
  Crypt (0/3) Vaults:2     Depths (4/4) D:15            Zot (1/5) Depths:4
  Sewer (visited)          Bailey (visited)          WizLab (visited)
Gauntlet (visited)

Altars:
Ashenzari
Cheibriados
Dithmenos
Fedhas
Hepliaklqana
Kikubaaqudgha
Qazlal
Sif Muna
Trog
Xom
Jiyva

Shops:
D:3 (   D:14 =   Orc:2 *!!:   Elf:2 ?   Shoals:2 !**   Shoals:4 [   Vaults:2 *
Vaults:3 (   Depths:1 ![   Depths:2 *

Portals:
Hell: Depths:1 Depths:2 Depths:3 Depths:4
Abyss: Depths:3
Pandemonium: Depths:2
Ziggurat: Depths:4

Annotations:
D:3 1 runed translucent door, IdlyInterested's ghost, amateur FoCj
D:7 1 runed translucent door, AttackTheMoon's ghost, novice HuCj
D:14 exclusion: orange crystal statue
Elf:2 3 runed translucent doors


Innate Abilities, Weirdness & Mutations

Your serpentine skin is tough. (AC +8)
You have supernaturally acute eyesight. (SInv)
Armour fits poorly on your strangely shaped body.
Your system is resistant to poisons. (rPois)
You cover ground very slowly.
You can exhale a cloud of poison.
You can use your snake-like lower body to constrict enemies.
You have a pair of small antennae on your head.
Your mind is acute. (Int +2)
Your muscles are strong. (Str +2)
You have hidden genetic potential.


Message History

The bolt of lightning hits the black draconian knight.
The black draconian knight completely resists.
The black draconian knight blocks your attack.
The black draconian knight is severely wounded.
You constrict the black draconian knight.
You block the purple draconian's attack.
The black draconian knight blocks your attack.
The black draconian knight is severely wounded.
You constrict the black draconian knight.
You block the electric golem's attack.
The electric golem hits you but does no damage.
You block the electric golem's attack.
The electric golem hits you but does no damage.
You puncture the black draconian knight!
The black draconian knight convulses!
You kill the black draconian knight!
Trog accepts your kill.
Trog appreciates your killing of a magic user.
You puncture the electric golem!
The electric golem is lightly damaged.
The electric golem hurls lightning at you.
The bolt of lightning hits you but does no damage.
The bolt of lightning hits you!!
* * * LOW HITPOINT WARNING * * *
The bolt of lightning hits the electric golem.
The electric golem completely resists.
The purple draconian breathes dispelling energy at you.
The bolt of dispelling energy misses you.
You puncture the electric golem!
The electric golem is lightly damaged.
You miss the electric golem.
The electric golem is lightly damaged.
The electric golem misses you.
The electric golem hits you but does no damage.
You block the electric golem's attack. x2
You puncture the electric golem!
The electric golem is moderately damaged.
The purple draconian breathes dispelling energy at you.
The bolt of dispelling energy hits you!
You die...

. # . .. ### .#.
##.. ##.. ##..#
..# ##
#...##.>##.#
##....)##...###
##..9.#.##.#...##
#.))@.#°........#
#...)######..#.###
....)d. #..##.#.#
.....## #.......#
....#
#.......#.#####.#
..##
######..#.......#
. .^.###'#+#..#
##.. ##...## ..
##.##.....##


You could see an electric golem and a purple draconian (catching breath).

Vanquished Creatures
  A dread lich (Vaults:2)
  Sojobo (Depths:1)
  The ghost of garrulousMonolith the Whirler, a veteran GnFi of Cheibriados (Vaults:2)
  The ghost of Ebyoxur the Slayer, a veteran DrBe of Trog (Vaults:2)
  Nikola (Spider:4)
  Arachne (Spider:3)
  An electric golem (Zot:1)
  3 tentacled monstrosities
  Rupert (D:14)
  Asterion (Elf:3)
  A titan (Vaults:5)
  A deep elf blademaster (Elf:3)
  The ghost of Remav the Prestidigitator, an adept GnAr of the Shining One (D:13)
  2 quicksilver dragons (Zot:1)
  4 deep elf master archers (Elf:3)
  3 ancient champions (WizLab)
  Kirke (Shoals:4)
  9 sphinxes
  2 storm dragons
  3 revenants (WizLab)
  Donald (Shoals:3)
  The ghost of Waycat the Lord of Darkness, a journeyman DrFE of Kikubaaqudgha (D:13)
  7 tengu reavers
  Ilsuiw (Shoals:2)
  7 frost giants
  The ghost of Ukaciemu the Bludgeoner, a journeyman MiBe of Trog (D:13)
  3 draconian knights
  An orc warlord (Vaults:3)
  4 fire giants
  4 ghost moths
  4 deep elf sorcerers (Elf:3)
  6 emperor scorpions (Spider:4)
  A draconian scorcher (Zot:1)
  Aizul (Shoals:2)
  A deep elf elementalist (Elf:3)
  Louise (Depths:3)
  19 vault wardens
  A draconian stormcaller (Zot:1)
  13 ironbound preservers
  23 very ugly things
  5 war gargoyles
  A reaper (Depths:2)
  A draconian annihilator (Zot:1)
  A draconian shifter (Depths:4)
  The ghost of AlleluiaPinecone the Impaler, a journeyman MiFi of Ashenzari (D:13)
  5 vampire knights
  12 stone giants
  9 deep elf demonologists
  12 spark wasps
  A yellow draconian (Zot:1)
  2 white draconians (Zot:1)
  6 red draconians
  2 purple draconians (Depths:4)
  2 black draconians
  33 dire elephants
  8 deep elf annihilators
  A minotaur (Gauntlet)
  A spectral titan (WizLab)
  5 halazid warlocks (WizLab)
  3 eidola (WizLab)
  4 entropy weavers
  A blizzard demon (Depths:1)
  3 deep elf death magi
  The ghost of Guoxigoqam the Grappler, a journeyman DrTm of Gozag (D:13)
  5 jiangshi
  9 ettins
  An ettin (shapeshifter) (Vaults:5)
  11 fire dragons
  9 merfolk impalers
  A quicksilver dragon zombie (WizLab)
  7 yaktaur captains
  5 merfolk javelineers
  10 deep elf high priests
  10 ironbound thunderhulks
  33 vault guards
  A salamander tyrant (D:15)
  12 great orbs of eyes
  A rakshasa (Depths:2)
  3 peacekeepers
  5 boulder beetles
  3 merfolk avatars
  2 spriggan air magi
  3 ice dragons
  2 alligator snapping turtles
  9 ironbound frosthearts
  An ogre mage (Vaults:4)
  6 centaur warriors
  8 hydras
  6 merfolk aquamancers
  An alligator (shapeshifter) (Vaults:3)
  5 tengu warriors
  An alligator (Shoals:1)
  5 two-headed ogres
  4 vampire magi
  8 deep troll shamans
  5 deep troll earth magi
  4 death yaks
  17 dancing weapons
  6 orc high priests
  Urug (D:12)
  3 spriggan berserkers
  A spectral dire elephant (Lair:6)
  2 thrashing horrors (Gauntlet)
  A spectral death yak (Lair:6)
  7 deep elf knights
  A sun demon (Depths:2)
  9 hell knights
  2 shadow wraiths (WizLab)
  3 skeletal warriors
  A spark wasp zombie (WizLab)
  A sixfirhy (Depths:2)
  2 spectral spark wasps (WizLab)
  2 flayed ghosts
  6 iron trolls
  A spectral anaconda (Lair:6)
  A salamander mystic (D:15)
  17 sea snakes
  11 deep elf archers
  A glowing orange brain (Depths:2)
  53 deep trolls
  21 ironbound convokers
  13 wizards
  An obsidian statue (Lair:6)
  23 harpies
  7 lindwurms
  A wolf spider zombie (WizLab)
  12 phantasmal warriors
  8 necromancers
  8 orc knights
  25 deep elf pyromancers
  19 orb spiders
  2 oklob plants (Zot:1)
  An orange crystal statue (Zot:1)
  23 wolf spiders
  31 deep elf zephyrmancers
  19 fauns
  A spectral spriggan (WizLab)
  4 orc sorcerers
  52 ugly things
  3 cyclopes
  6 moths of wrath
  A frost giant zombie (D:15)
  2 tengu skeletons (D:15)
  A shining eye (shapeshifter) (Vaults:5)
  A faun (shapeshifter) (Elf:2)
  4 salamanders (D:15)
  A fire giant zombie (D:15)
  19 elephants
  18 manticores
  16 merfolk sirens
  A torpor snail (Spider:2)
  17 vault sentinels
  2 black mambas
  2 gargoyles
  6 water nymphs
  15 cane toads
  An orange demon (Depths:2)
  A dire elephant skeleton (Lair:6)
  14 komodo dragons
  2 rime drakes (Lair:6)
  38 yaktaurs
  21 demonic crawlers
  2 tengu conjurers
  2 efreet (D:15)
  A hellwing (Depths:2)
  A spectral harpy (WizLab)
  34 jumping spiders
  3 freezing wraiths
  2 harpy zombies (WizLab)
  4 meliai
  A queen bee (shapeshifter) (Elf:1)
  6 hornets
  A queen bee (Gauntlet)
  5 trolls
  9 wind drakes
  43 merfolk
  A spectral elephant (Lair:6)
  35 slime creatures
  A raiju (Gauntlet)
  2 small abominations (Gauntlet)
  4 blink frogs (Lair:6)
  11 snapping turtles
  8 flying skulls (WizLab)
  2 spriggan zombies (WizLab)
  74 redbacks
  5 vampires
  2 air elementals (Elf:1)
  24 tarantellas
  2 spriggans (Depths:3)
  A ynoxinul (Depths:2)
  2 shadows
  4 wyverns
  2 wraiths
  5 fire elementals
  28 water elementals
  A hog (shapeshifter) (Vaults:5)
  5 basilisks
  76 yaks
  3 hogs (Shoals:4)
  2 steam dragons
  9 humans (D:14)
  A death yak simulacrum (Lair:6)
  4 vampire mosquitoes
  9 wargs
  3 acid dragons
  3 spectral cane toads (Lair:6)
  A swamp worm (Lair:4)
  A floating eye (Depths:2)
  3 hell hounds (Elf:1)
  16 water moccasins
  Pargi (Sewer)
  38 orc warriors
  A sky beast (D:6)
  A black bear (D:5)
  3 elephant zombies (Lair:6)
  4 ogres
  9 wolves
  19 centaurs
  A phantom (D:4)
  A kobold brigand (D:11)
  12 bullfrogs
  4 earth elementals (Elf:1)
  A cane toad simulacrum (Lair:6)
  3 gnoll sergeants
  3 scorpions
  A water moccasin zombie (D:5)
  A water moccasin skeleton (D:6)
  An elephant simulacrum (Lair:6)
  A human simulacrum (Vaults:1)
  15 killer bees
  10 wights
  2 electric eels (Lair:4)
  2 howler monkeys
  4 lava snakes (D:14)
  4 centaur zombies
  4 hounds
  A bullfrog skeleton (D:6)
  40 orc priests
  A gnoll shaman (D:8)
  5 iguanas
  Jessica (D:3)
  A centaur skeleton (D:7)
  Ijyb (D:4)
  27 orc wizards
  4 hell rats (Lair:3)
  A killer bee zombie (D:6)
  3 lightning spires (Zot:1)
  A hound skeleton (D:5)
  21 gnolls
  8 adders
  2 river rats (D:3)
  A shadow imp (D:7)
  A white imp (D:7)
  2 worms (D:3)
  A dart slug (D:2)
  79 orcs
  7 ball pythons
  8 bats
  4 endoplasms
  3 giant cockroaches
  16 goblins
  11 hobgoblins
  3 jackals (D:3)
  3 quokkas
  3 frilled lizards
  17 kobolds
  5 rats
  5 briar patches (Lair:4)
  A plant (Shoals:4)
1964 creatures vanquished.

Vanquished Creatures (collateral kills)
  5 deep elf annihilators (Elf:3)
  A deep elf archer (Elf:3)
  An orc knight (D:14)
  An orange crystal statue (Zot:1)
  A deep elf zephyrmancer (Elf:3)
  6 humans (D:14)
  2 vampire mosquitoes (D:14)
  2 lightning spires (Zot:1)
19 creatures vanquished.

Vanquished Creatures (others)
  A deep elf elementalist (Elf:3)
  A wizard (Vaults:3)
  An orc knight (D:15)
  A hornet (Depths:3)
  4 humans
  A warg (D:15)
  An orc warrior (D:15)
  An orc priest (D:15)
  2 orc wizards
  3 orcs
  A briar patch (Lair:4)
  14 demonic plants (Gauntlet)
  8 fungi
  207 plants
  4 toadstools (D:1)
  21 withered plants
271 creatures vanquished.

Grand Total: 2254 creatures vanquished

Notes
Turn   | Place    | Note
-------+----------+-------------------------------------------
     0 | D:1      | freelancePsychic the Naga Berserker began the quest for the
                  | Orb.
     0 | D:1      | Reached XP level 1. HP: 21/21 MP: 1/1
   336 | D:1      | Reached skill level 1 in Stealth
   336 | D:1      | Reached XP level 2. HP: 16/28 MP: 2/2
  1239 | D:1      | Reached XP level 3. HP: 30/34 MP: 3/3
  2076 | D:2      | You fall into a shaft and drop 1 floor!
  2117 | D:3      | Found a glowing drain.
  2126 | Sewer    | Entered a sewer
  2141 | Sewer    | Reached ** piety under Trog
  2159 | Sewer    | Noticed Pargi
  2191 | Sewer    | Killed Pargi
  2192 | Sewer    | Reached XP level 4. HP: 44/44 MP: 4/4
  2192 | Sewer    | Reached XP level 5. HP: 50/50 MP: 5/5
  2737 | D:3      | Found a runed translucent door.
  2737 | D:3      | Noticed Jessica
  2758 | D:3      | Killed Jessica
  2759 | D:3      | Reached skill level 4 in Fighting
  2853 | D:3      | Noticed IdlyInterested's ghost (amateur FoCj)
  3171 | D:3      | Found Zanup's Antique Weapon Emporium.
  3183 | D:3      | Reached skill level 5 in Short Blades
  3327 | D:4      | Reached XP level 6. HP: 31/57 MP: 6/6
  3973 | D:4      | Noticed Ijyb
  3988 | D:4      | Killed Ijyb
  4213 | D:4      | Found a staircase to the Ecumenical Temple.
  4300 | D:3      | Bought a runed dagger for 140 gold pieces
  4484 | D:5      | Entered Level 5 of the Dungeon
  4531 | D:5      | Reached XP level 7. HP: 58/66 MP: 7/7
  4735 | D:5      | Reached skill level 1 in Shields
  5171 | D:5      | Reached skill level 5 in Fighting
  5512 | D:5      | Reached XP level 8. HP: 73/74 MP: 8/8
  6128 | D:6      | Found the amulet of Vitality {Regen+ HP+15}
  6361 | D:6      | Identified the +3 leather armour of Mysticism {rN+}
  6459 | D:6      | Identified the +10 dagger "Fafroxeb" {flame, rN+}
  6470 | D:6      | Reached skill level 6 in Fighting
  7461 | D:7      | Found a shadowy altar of Dithmenos.
  7461 | D:7      | Found a shimmering blue altar of Sif Muna.
  7479 | D:7      | Reached XP level 9. HP: 56/82 MP: 9/9
  7534 | D:7      | Found a faded altar of an unknown god.
  7536 | D:7      | Found a blossoming altar of Fedhas.
  7538 | D:7      | Found a broken altar of Ashenzari.
  7648 | D:6      | Reached *** piety under Trog
  7848 | D:6      | Reached skill level 7 in Fighting
  7923 | D:7      | Found a shimmering altar of Xom.
  8055 | D:7      | Found a runed translucent door.
  8056 | D:7      | Noticed AttackTheMoon's ghost (novice HuCj)
  8079 | D:7      | Reached skill level 10 in Short Blades
  8098 | D:7      | Found a stormy altar of Qazlal.
  8595 | D:8      | Identified the ring "Abro" {Fire rN++ Stlth-}
  8608 | D:8      | Noticed a two-headed ogre
  8646 | D:8      | Noticed a gargoyle
  8654 | D:8      | Killed a gargoyle
  8655 | D:8      | Reached skill level 8 in Fighting
  8655 | D:8      | Reached skill level 5 in Shields
  8655 | D:8      | Reached XP level 10. HP: 96/96 MP: 10/10
  8717 | D:8      | Noticed a cyan ugly thing
  8729 | D:8      | Killed a cyan ugly thing
  8763 | D:8      | Identified the ring "Otideeck" {Drain Str+6 Int+5 Dex+6}
  8951 | D:8      | Noticed a two-headed ogre
  8960 | D:8      | Killed a two-headed ogre
  8961 | D:8      | Reached skill level 1 in Evocations
  9051 | D:8      | Killed a two-headed ogre
  9052 | D:8      | Reached skill level 1 in Maces & Flails
  9325 | D:8      | Reached skill level 9 in Fighting
  9549 | D:9      | Reached XP level 11. HP: 106/106 MP: 11/11
  9903 | D:9      | Reached **** piety under Trog
 10171 | D:10     | Entered Level 10 of the Dungeon
 10992 | D:11     | Reached skill level 10 in Fighting
 11179 | D:11     | Found a staircase to the Lair.
 11188 | D:11     | Reached skill level 5 in Maces & Flails
 11305 | D:11     | Reached ***** piety under Trog
 11675 | D:12     | Noticed a two-headed ogre
 11687 | D:12     | Killed a two-headed ogre
 11688 | D:12     | Reached skill level 5 in Stealth
 11746 | D:12     | Noticed a frost giant
 11748 | D:12     | Noticed a phantasmal warrior
 11750 | D:12     | Killed a frost giant
 11751 | D:12     | Reached XP level 12. HP: 116/116 MP: 12/12
 11751 | D:12     | Noticed a yaktaur captain
 11808 | D:12     | Found a flagged portal.
 11823 | Bailey   | Entered a bailey
 11897 | Bailey   | Found a bloodstained altar of Trog.
 12023 | D:12     | Found a gate leading to a gauntlet.
 12032 | Gauntlet | Entered a Gauntlet
 12032 | Gauntlet | Found a transporter.
 12032 | Gauntlet | Found a transporter.
 12033 | Gauntlet | Found a transporter.
 12034 | Gauntlet | Found a transporter.
 12034 | Gauntlet | Found a transporter.
 12037 | Gauntlet | Found a transporter.
 12046 | Gauntlet | Found a transporter.
 12046 | Gauntlet | Found a transporter.
 12047 | Gauntlet | Found a transporter.
 12048 | Gauntlet | Found a transporter.
 12053 | Gauntlet | Noticed a thrashing horror
 12054 | Gauntlet | Noticed a thrashing horror
 12055 | Gauntlet | Noticed a wretched star
 12057 | Gauntlet | Found a transporter.
 12059 | Gauntlet | Found a transporter.
 12307 | Gauntlet | Received a gift from Trog
 12343 | Gauntlet | Killed a thrashing horror
 12347 | Gauntlet | Killed a thrashing horror
 12412 | Gauntlet | Identified the ring of Jaithant {rPois rC+ Int+4}
 12412 | Gauntlet | Noticed a minotaur
 12430 | Gauntlet | Killed a minotaur
 12710 | D:12     | Killed a yaktaur captain
 12748 | D:12     | Noticed an eight-headed hydra
 12760 | D:12     | Killed an eight-headed hydra
 12761 | D:12     | Reached skill level 10 in Shields
 12889 | D:12     | Reached skill level 11 in Fighting
 13026 | D:12     | Noticed Urug
 13042 | D:12     | Killed Urug
 13303 | D:12     | Noticed a boulder beetle
 13305 | D:12     | Noticed a boulder beetle
 13310 | D:12     | Killed a boulder beetle
 13336 | D:12     | Killed a boulder beetle
 13337 | D:12     | Gained mutation: You can use your snake-like lower body to
                  | constrict enemies. [Naga growth]
 13337 | D:12     | Reached XP level 13. HP: 127/127 MP: 13/13
 13536 | D:12     | Found a staircase to the Orcish Mines.
 13763 | Lair:1   | Entered Level 1 of the Lair of Beasts
 13765 | Lair:1   | Identified a scroll of acquirement
 13766 | Lair:1   | Acquired a +2 barding of fire resistance
 14225 | Lair:1   | Reached skill level 12 in Fighting
 14911 | Lair:2   | Noticed Sonja
 14922 | Lair:2   | Received a gift from Trog
 14934 | Lair:2   | Noticed Sonja
 14934 | Lair:2   | Sonja changed into Sonja the warg
 14938 | Lair:2   | Killed Sonja the warg
 14964 | Lair:2   | Found a dark tunnel.
 15256 | Lair:2   | Found a hole to the Spider Nest.
 15597 | Lair:3   | Reached skill level 10 in Maces & Flails
 16080 | Lair:3   | Reached XP level 14. HP: 139/139 MP: 14/14
 16177 | Lair:3   | Reached skill level 13 in Fighting
 16491 | Lair:4   | Found a staircase to the Shoals.
 16733 | Lair:4   | Found a transporter.
 16757 | Lair:4   | Found a transporter.
 17073 | Lair:4   | Identified the +0 ring mail "Gips" {Int+2 Dex+3}
 17466 | Lair:5   | Found a staircase to the Slime Pits.
 17467 | Lair:5   | Found a viscous altar of Jiyva.
 18298 | Lair:6   | Entered Level 6 of the Lair of Beasts
 18630 | Lair:6   | Noticed a dire elephant
 18631 | Lair:6   | Noticed a dire elephant
 18646 | Lair:6   | Killed a dire elephant
 18810 | Lair:6   | Reached ****** piety under Trog
 18888 | Lair:6   | Killed a dire elephant
 18888 | Lair:6   | Received a gift from Trog
 19306 | Lair:6   | Reached skill level 14 in Fighting
 19549 | Lair:6   | Found the +8 orange crystal plate armour {Archmagi, Int+3
                  | Clar}
 19677 | Lair:6   | Reached XP level 15. HP: 149/152 MP: 15/15
 20049 | Orc:1    | Entered Level 1 of the Orcish Mines
 20422 | Orc:2    | Entered Level 2 of the Orcish Mines
 20473 | Orc:2    | Found a bloodstained altar of Trog.
 20579 | Orc:2    | Received a gift from Trog
 20645 | Orc:2    | Found Ehatsull's Assorted Antiques.
 20645 | Orc:2    | Found Yriataavvua's Distillery.
 20646 | Orc:2    | Found Fustel Ikey's Book Emporium.
 20677 | Orc:2    | Found Lammon's Distillery.
 21025 | Orc:2    | Found a staircase to the Elven Halls.
 21139 | Orc:2    | Bought a potion of invisibility for 136 gold pieces
 21139 | Orc:2    | Bought a potion of haste for 170 gold pieces
 21139 | Orc:2    | Bought a potion of resistance for 170 gold pieces
 21139 | Orc:2    | Bought a potion of curing for 51 gold pieces
 21139 | Orc:2    | Bought 2 potions of curing for 102 gold pieces
 21141 | Orc:2    | Bought a potion of resistance for 140 gold pieces
 21141 | Orc:2    | Bought a potion of curing for 42 gold pieces
 21141 | Orc:2    | Bought a potion of curing for 42 gold pieces
 21141 | Orc:2    | Bought a potion of resistance for 140 gold pieces
 21141 | Orc:2    | Bought a potion of resistance for 140 gold pieces
 21142 | Orc:2    | Bought a scroll of identify for 48 gold pieces
 21142 | Orc:2    | Bought a scroll of summoning for 228 gold pieces
 21142 | Orc:2    | Bought a glass wand for 96 gold pieces
 21301 | D:13     | Received a gift from Trog
 21389 | D:13     | Found a runed translucent gate.
 21389 | D:13     | Found a runed translucent gate.
 21390 | D:13     | Found a runed translucent gate.
 21391 | D:13     | Noticed AlleluiaPinecone's ghost (journeyman MiFi)
 21391 | D:13     | Noticed Waycat's ghost (journeyman DrFE)
 21391 | D:13     | Noticed Ukaciemu's ghost (journeyman MiBe)
 21392 | D:13     | Noticed Remav's ghost (adept GnAr)
 21392 | D:13     | Noticed Guoxigoqam's ghost (journeyman DrTm)
 21411 | D:13     | Found the brooch of Shielding {Spirit SH+8}
 22058 | D:13     | Killed Remav's ghost
 22071 | D:13     | Killed Ukaciemu's ghost
 22083 | D:13     | Killed Waycat's ghost
 22095 | D:13     | Killed AlleluiaPinecone's ghost
 22096 | D:13     | Reached skill level 5 in Evocations
 22111 | D:13     | Killed Guoxigoqam's ghost
 22180 | D:14     | Noticed Rupert
 22180 | D:14     | Found a gate to the Vaults.
 22195 | D:14     | Killed Rupert
 22318 | D:14     | Reached skill level 5 in Armour
 22696 | D:14     | Found Bogeehem's Jewellery Emporium.
 23122 | D:15     | Entered Level 15 of the Dungeon
 23122 | D:15     | Found a bloodstained altar of Trog.
 23145 | D:15     | Reached XP level 16. HP: 160/160 MP: 16/16
 23268 | D:15     | Found the +3 salamander hide armour {Flames rF++ rC--}
 23376 | D:15     | Found a staircase to the Depths.
 23379 | D:15     | Received a gift from Trog
 23902 | Spider:1 | Entered Level 1 of the Spider Nest
 23953 | Spider:1 | Acquired the +10 morningstar "Eos" {elec, Halo rElec}
 23953 | Spider:1 | Found the +10 morningstar "Eos" {elec, Halo rElec}
 24978 | Spider:2 | Identified the +11 quarterstaff of the Unstoppable Ghosts
                  | {flame, Fragile rF+ rC+} (Trog gifted it to you on level 2
                  | of the Spider Nest)
 24978 | Spider:2 | Received a gift from Trog
 24982 | Spider:2 | Identified the ring of Raukumoo {Will+ Dex+4}
 25511 | Spider:3 | Identified the +2 helmet of Grim Lucidity {rPois Int+3 SInv
                  | Stlth+}
 25562 | Spider:3 | Noticed Arachne
 25569 | Spider:3 | Reached XP level 17. HP: 145/168 MP: 17/17
 25577 | Spider:3 | Killed Arachne
 25728 | Spider:3 | Reached skill level 15 in Shields
 25825 | Spider:3 | Reached skill level 10 in Evocations
 26156 | Spider:4 | Entered Level 4 of the Spider Nest
 26245 | Spider:4 | Identified the +7 dagger "Ahimez" {freeze, rElec Will- MP+9
                  | Str+6}
 26577 | Spider:4 | Received a gift from Trog
 26900 | Spider:4 | Noticed Nikola
 26920 | Spider:4 | Killed Nikola
 27162 | Spider:4 | Reached skill level 15 in Fighting
 27241 | Spider:4 | Got a gossamer rune of Zot
 27561 | Elf:1    | Entered Level 1 of the Elven Halls
 27579 | Elf:1    | Noticed a sphinx
 27587 | Elf:1    | Paralysed by an air elemental for 1 turns
 27592 | Elf:1    | Paralysed by an air elemental for 1 turns
 27630 | Elf:1    | Killed a sphinx
 27652 | Elf:1    | Noticed a sphinx
 27660 | Elf:1    | Killed a sphinx
 27661 | Elf:1    | Reached XP level 18. HP: 108/178 MP: 18/18
 27778 | Elf:1    | Paralysed by an air elemental for 1 turns
 27812 | Elf:1    | Received a gift from Trog
 27968 | Elf:1    | You fall into a shaft and drop 1 floor!
 28055 | Elf:2    | Reached skill level 5 in Dodging
 28114 | Elf:2    | Found a runed translucent gate.
 28114 | Elf:2    | Found a runed translucent gate.
 28115 | Elf:2    | Found a runed translucent gate.
 28334 | Elf:2    | Reached skill level 10 in Armour
 28551 | Elf:2    | Found Vyxt's Magic Scroll Shop.
 28554 | Elf:2    | Bought a scroll of enchant weapon for 112 gold pieces
 28555 | Elf:2    | Bought a scroll of teleportation for 45 gold pieces
 28555 | Elf:2    | Bought a scroll of teleportation for 45 gold pieces
 28555 | Elf:2    | Bought 3 scrolls of holy word for 337 gold pieces
 28555 | Elf:2    | Bought a scroll of immolation for 52 gold pieces
 28991 | Elf:1    | Received a gift from Trog
 29414 | Elf:3    | Entered Level 3 of the Elven Halls
 29472 | Elf:3    | Paralysed by an orc sorcerer for 3 turns
 29536 | Elf:3    | Reached skill level 16 in Fighting
 29639 | Elf:3    | Received a gift from Trog
 29643 | Elf:3    | Noticed Asterion
 29655 | Elf:3    | Killed Asterion
 30315 | Elf:3    | Noticed a deep elf master archer
 30319 | Elf:3    | Killed a deep elf master archer
 30320 | Elf:3    | Reached XP level 19. HP: 188/188 MP: 19/19
 30344 | Elf:3    | Noticed a Brimstone Fiend
 30405 | Elf:3    | Received a gift from Trog
 30638 | Elf:3    | Identified the +5 rapier "Zemasuer" {elec, *Noise Int+8
                  | Dex+4}
 30641 | Elf:3    | Identified the amulet "Viarie" {Faith Str+3 Int-5 Dex+2}
 30643 | Elf:3    | Noticed an Ice Fiend
 30645 | Elf:3    | Noticed a Tzitzimitl
 30662 | Elf:3    | Identified the +0 robe of Naquifed {rCorr SInv}
 30921 | Elf:3    | Identified the +8 fustibalus of Integrity {freeze, rPois
                  | Str+7}
 30949 | Elf:3    | Identified the +1 cloak of Egalitarianism {Str+2}
 31312 | Shoals:1 | Entered Level 1 of the Shoals
 31430 | Shoals:1 | Identified the +9 falchion of Xoisof {pain, Int+4}
 31621 | Shoals:1 | Received a gift from Trog
 32067 | Shoals:2 | Found Odummire's Distillery.
 32075 | Shoals:2 | Bought a potion of haste for 160 gold pieces
 32075 | Shoals:2 | Bought a potion of haste for 160 gold pieces
 32075 | Shoals:2 | Bought a potion of haste for 160 gold pieces
 32075 | Shoals:2 | Bought a potion of heal wounds for 80 gold pieces
 32132 | Shoals:2 | Noticed Aizul
 32235 | Shoals:2 | Killed Aizul
 32289 | Shoals:2 | Found Lorirchacw's General Store.
 32291 | Shoals:2 | Found Poreptau's Specific Store.
 32302 | Shoals:2 | Bought a potion of mutation for 144 gold pieces
 32419 | Shoals:2 | Noticed Ilsuiw
 32429 | Shoals:2 | Killed Ilsuiw
 32434 | Shoals:2 | Reached skill level 17 in Fighting
 32764 | Shoals:3 | Noticed Donald
 32775 | Shoals:3 | Killed Donald
 32973 | Shoals:3 | Reached XP level 20. HP: 201/201 MP: 20/20
 32974 | Shoals:3 | Identified the +4 demon whip "Witugg" {flame, *Noise rC+
                  | Int-3 Dex+3} (Trog gifted it to you on level 3 of the
                  | Shoals)
 32974 | Shoals:3 | Received a gift from Trog
 33379 | Shoals:4 | Entered Level 4 of the Shoals
 33426 | Shoals:4 | Found Plog's Armour Emporium.
 33531 | Shoals:4 | Received a gift from Trog
 33580 | Shoals:4 | Got a barnacled rune of Zot
 33641 | Shoals:4 | Noticed Kirke
 33650 | Shoals:4 | Killed Kirke
 33668 | Shoals:4 | Identified the +2 falchion of Xanecoucw {holy, rPois rCorr
                  | Str+2}
 33886 | Shoals:4 | Received a gift from Trog
 33887 | Shoals:4 | Reached skill level 1 in Polearms
 34074 | Shoals:4 | Identified the +0 chain mail of the Blizzard {Contam rCorr
                  | SInv}
 34444 | Vaults:1 | Entered Level 1 of the Vaults
 34711 | Vaults:1 | Reached skill level 5 in Polearms
 34827 | Vaults:1 | Found a magical portal.
 34832 | WizLab   | Entered Borgnjor's Mausoleum
 34953 | WizLab   | Received a gift from Trog
 35343 | WizLab   | Reached XP level 21. HP: 185/185 MP: 21/21
 35668 | Vaults:1 | Reached skill level 10 in Polearms
 35923 | Vaults:1 | Identified the +8 halberd "Cetzanil" {flame, Str+3} (Trog
                  | gifted it to you on level 1 of the Vaults)
 35923 | Vaults:1 | Received a gift from Trog
 36638 | Depths:1 | Entered Level 1 of the Depths
 36846 | Depths:1 | Noticed Sojobo
 36869 | Depths:1 | Killed Sojobo
 36906 | Depths:1 | Found an ancient bone altar of Kikubaaqudgha.
 37061 | Depths:1 | Found Pibluromi's Armour Boutique.
 37061 | Depths:1 | Found Tuokigh's Distillery.
 37107 | Depths:1 | Bought a potion of might for 72 gold pieces
 37107 | Depths:1 | Bought a potion of invisibility for 144 gold pieces
 37107 | Depths:1 | Bought 2 potions of resistance for 360 gold pieces
 37107 | Depths:1 | Bought a potion of cancellation for 144 gold pieces
 37252 | Depths:1 | Identified the ring "Haguxzy" {Fire Str+9 Int-3 Stlth+}
 37428 | Depths:1 | Found a gateway to Hell.
 37715 | Depths:2 | Found Isouhuaxte's General Store.
 37716 | Depths:2 | Found a hazy altar of Hepliaklqana.
 37760 | Depths:2 | Received a gift from Trog
 37775 | Depths:2 | Paralysed by a great orb of eyes for 5 turns
 37786 | Depths:2 | Reached skill level 15 in Evocations
 37789 | Depths:2 | Reached skill level 18 in Fighting
 37867 | Depths:2 | Reached skill level 10 in Dodging
 38129 | Depths:2 | Reached XP level 22. HP: 220/220 MP: 22/22
 38311 | Depths:2 | Found a one-way gate leading to the halls of Pandemonium.
 38900 | Depths:3 | Noticed Louise
 38935 | Depths:3 | Killed Louise
 38961 | Depths:3 | Found a one-way gate to the infinite horrors of the Abyss.
 38983 | Depths:3 | Received a gift from Trog
 40103 | Depths:4 | Entered Level 4 of the Depths
 40118 | Depths:4 | Received a gift from Trog
 40208 | Depths:4 | Found a snail-covered altar of Cheibriados.
 40247 | Depths:4 | Found a gateway to a ziggurat.
 40269 | Depths:4 | Paralysed by a sphinx for 5 turns
 40436 | Depths:4 | Reached skill level 19 in Fighting
 40619 | Depths:4 | Found a gate to the Realm of Zot.
 41057 | Vaults:2 | Reached XP level 23. HP: 232/232 MP: 23/23
 41183 | Vaults:2 | Received a gift from Trog
 41324 | Vaults:2 | Noticed garrulousMonolith's ghost (veteran GnFi)
 41324 | Vaults:2 | Noticed a dread lich
 41326 | Vaults:2 | Noticed Ebyoxur's ghost (veteran DrBe)
 41347 | Vaults:2 | Found a transporter.
 41353 | Vaults:2 | Found a transporter.
 41398 | Vaults:2 | Killed a dread lich
 41513 | Vaults:2 | Killed garrulousMonolith's ghost
 41521 | Vaults:2 | Killed Ebyoxur's ghost
 41955 | Vaults:2 | Received a gift from Trog
 41955 | Vaults:2 | Found the +8 demon trident "Rift" {distort, reach+}
 42323 | Vaults:2 | Found a staircase to the Crypt.
 42911 | Vaults:2 | Found Otifuter's Assorted Antiques.
 42920 | Vaults:2 | Bought a scroll of magic mapping for 101 gold pieces
 42920 | Vaults:2 | Bought a scroll of magic mapping for 101 gold pieces
 42920 | Vaults:2 | Bought a scroll of enchant armour for 217 gold pieces
 42920 | Vaults:2 | Bought a scroll of teleportation for 87 gold pieces
 42920 | Vaults:2 | Bought a scroll of blinking for 217 gold pieces
 42920 | Vaults:2 | Bought 3 scrolls of fear for 304 gold pieces
 43444 | Vaults:3 | Found Mikaqa Iwuxa's Antique Weapon Shop.
 43544 | Vaults:3 | Received a gift from Trog
 43680 | Vaults:3 | Reached skill level 20 in Fighting
 43681 | Vaults:3 | Reached XP level 24. HP: 206/244 MP: 23/23
 44193 | Vaults:3 | Gained mutation: You occasionally shout uncontrollably at
                  | your foes. [a shining eye]
 44203 | Vaults:3 | Reached skill level 15 in Armour
 44434 | Vaults:4 | Received a gift from Trog
 44590 | Vaults:4 | Found a flickering gateway to a bazaar.
 44631 | Bazaar   | Entered a bazaar
 44631 | Bazaar   | Found Ablil's Armour Shoppe.
 44652 | Bazaar   | Found Ygibbu Innuz's Antique Weapon Shoppe.
 44659 | Bazaar   | Found Maafiq's Antique Armour Emporium.
 44669 | Bazaar   | Found Awky's General Store.
 44677 | Bazaar   | Bought a potion of curing for 30 gold pieces
 44677 | Bazaar   | Bought a scroll of fear for 35 gold pieces
 44677 | Bazaar   | Bought 3 scrolls of teleportation for 90 gold pieces
 45608 | Vaults:4 | Received a gift from Trog
 45758 | Vaults:5 | Entered Level 5 of the Vaults
 45789 | Vaults:5 | Gained mutation: You are frail. (-10% HP) [a shining eye]
 45796 | Vaults:5 | Lost mutation: You are frail. (-10% HP) [potion of
                  | mutation]
 45796 | Vaults:5 | Gained mutation: Your magical capacity is low. (-10% MP)
                  | [potion of mutation]
 45796 | Vaults:5 | Gained mutation: You expend magic power (3 MP) to
                  | strengthen your wands. [potion of mutation]
 45796 | Vaults:5 | Gained mutation: You have a pair of small antennae on your
                  | head. [potion of mutation]
 45797 | Vaults:5 | Lost mutation: You occasionally shout uncontrollably at
                  | your foes. [potion of mutation]
 45797 | Vaults:5 | Lost mutation: Your magical capacity is low. (-10% MP)
                  | [potion of mutation]
 45797 | Vaults:5 | Lost mutation: You expend magic power (3 MP) to strengthen
                  | your wands. [potion of mutation]
 45797 | Vaults:5 | Gained mutation: You are robust. (+10% HP) [potion of
                  | mutation]
 45798 | Vaults:5 | Lost mutation: You have a pair of small antennae on your
                  | head. [potion of mutation]
 45798 | Vaults:5 | Lost mutation: You are robust. (+10% HP) [potion of
                  | mutation]
 45798 | Vaults:5 | Gained mutation: You are agile. (Dex +2) [potion of
                  | mutation]
 45798 | Vaults:5 | Gained mutation: Your mind is acute. (Int +2) [potion of
                  | mutation]
 45798 | Vaults:5 | Gained mutation: Your body sometimes deteriorates upon
                  | taking damage. [potion of mutation]
 45798 | Vaults:5 | Gained mutation: You have a pair of small antennae on your
                  | head. [potion of mutation]
 45818 | Vaults:5 | Lost mutation: You are agile. (Dex +2) [potion of mutation]
 45818 | Vaults:5 | Lost mutation: Your body sometimes deteriorates upon taking
                  | damage. [potion of mutation]
 45818 | Vaults:5 | Gained mutation: Your muscles are strong. (Str +2) [potion
                  | of mutation]
 45818 | Vaults:5 | Gained mutation: You can exhale a cloud of poison. [potion
                  | of mutation]
 45818 | Vaults:5 | Gained mutation: You have hidden genetic potential. [potion
                  | of mutation]
 45852 | Vaults:5 | Got a silver rune of Zot
 46495 | Zot:1    | Entered Level 1 of the Realm of Zot
 46568 | Zot:1    | Received a gift from Trog
 47121 | Zot:1    | Reached XP level 25. HP: 255/255 MP: 23/23
 47155 | Zot:1    | HP: 14/405 [electric golem/bolt of lightning (27)]
 47158 | Zot:1    | Killed from afar by a purple draconian

Illustrated notes

Levels and vault maps discovered:
D:1:      ldierk_water_garden, layout_basic, serial_forest,
          infiniplex_forest_clump_C, infiniplex_forest_lined_room_2,
          infiniplex_forest_lined_3_way, infiniplex_forest_straight_2,
          infiniplex_forest_clump_curved, infiniplex_forest_end_2,
          infiniplex_forest_end_3, chequers_serial_rivers_micro_b,
          hangedman_decor_riveting, minmay_misc_feat_pillars, minivault_19,
          minmay_split_cup_large
D:2:      layout_rooms, serial_corexii_hall, corexii_hall_statues_i,
          chequers_hall_statues_corner_a
D:3:      layout_basic, serial_shops, shop, lightli_sewer_entry_pipes,
          ebering_ghost_reflecting_pool, minmay_cupped, uniq_jessica
D:4:      layout_rooms, minmay_temple_entry_slanted, uniq_ijyb
D:5:      layout_loops_ring, kennysheep_generic_room_2
D:6:      layout_basic
D:7:      layout_cave_pools, chequers_temple_overflow_minitemple,
          ebering_ghost_reflecting_pool, hangedman_feature_mirror
D:8:      minmay_tri_box, layout_basic
D:9:      layout_roguey
D:10:     layout_rooms
D:11:     layout_gridville, erik_lair_orcish_takeover,
          wad_floor_pattern_untrapped
D:12:     minmay_textured_paths, layout_loops_corners, david_orc_4,
          lightli_bailey_entry_fortress, gauntlet_entry_generic, uniq_urug
D:13:     layout_basic, gammafunk_ghost_cemetery
D:14:     layout_long_grid, david_vaults_3, solitary_fountain, serial_shops,
          kennysheep_mini_moat, disabler_island
D:15:     gammafunk_depths_entry_grave, layout_cave_pools, bloody_trog,
          serial_bayou, serial_bayou_pond_e, serial_bayou_pond_d,
          serial_bayou_pond_e, serial_bayou_ford_a, serial_bayou_pond_e,
          hellmonk_guarded_unrand_salamander
Lair:1:   layout_cave_pods
Lair:2:   layout_loops_ring, spider_nest_entry_funnel_web,
          nicolae_volcano_entry_lava_flow, grunt_megastairs_5, uniq_sonja
Lair:3:   layout_long_grid, grunt_megastairs_4, serial_bayou_shore_b
Lair:4:   gammafunk_worm_tunnel, layout_gridlike, minmay_shoals_entry_beasts,
          chequers_serial_rivers_large_a, serial_bayou_pond_b,
          cheibrodos_lair_caveside_slide, nicolae_quartered_pool_impasse
Lair:5:   layout_cave_pods, slime_altar_1, lemuel_fruit_fields,
          grunt_megastairs_1, lemuel_fruit_fields
Lair:6:   due_jungle_book, layout_long_grid
Shoals:1: layout_shoals, nicolae_shoals_siren_and_animal_friends
Shoals:2: layout_shoals, serial_shops, nicolae_diamond_shop,
          nicolae_specific_store, uniq_ilsuiw, uniq_aizul
Shoals:3: layout_shoals, uniq_donald
Shoals:4: shoals_end_grunt_garden, layout_shoals, serial_shops, shop, uniq_kirke
Spider:1: layout_spider_delve
Spider:2: layout_spider_delve, worms_lemuel
Spider:3: layout_spider_delve, hangedman_spider_tarantella_strand, uniq_arachne
Spider:4: grunt_spider_rune_circles, nicolae_spider_twisty_arc_passages,
          uniq_nikola
Orc:1:    layout_caves, uniq_erica
Orc:2:    st_orc_mages, layout_diamond_mine, basic_altar
Elf:1:    layout_rooms, special_room [special_room_mythical_zoo], minivault_28
Elf:2:    nicolae_elf_blades_splatter_lattice [nicolae_blade_bullseye],
          layout_gridlike, serial_shops, nicolae_shop_behind_doors
Elf:3:    minmay_elf_hall_not_hex, layout_onion_city, uniq_asterion
Vaults:1: mu_enter_wizlab_2, vaults_room_guarded_vault,
          hangedman_vaults_stretched_pinwheel, ontoclasm_vaults_gateway,
          v_pattern_4, ontoclasm_vaults_twist, hangedman_vaults_corner,
          vaults_standard_mumra_x, grunt_vaults_bifocal,
          nicolae_vaults_little_squares_3, serial_ice_b,
          nicolae_vaults_border_crossing, layout_vaults_omnicross
Vaults:2: nzn_ghost_randoct, dpeg_vaults_pockets_of_resistance, v_pattern_2,
          ontoclasm_vaults_eye, minmay_crypt_entry_vampire_xt,
          nicolae_vaults_network_s, v_rooms_1, nicolae_vaults_little_squares_1,
          v_alt_pattern_6, nicolae_vaults_little_squares_1,
          hangedman_vaults_slice, layout_vaults_big_room, serial_shops,
          nicolae_shop_overgrown_old_shop
Vaults:3: ontoclasm_vaults_idyll, v_misc_14, v_pattern_1,
          nicolae_vaults_little_ls, vaults_room_ringed_pool,
          nicolae_vaults_what_the_h, nicolae_vaults_shelves_hall,
          ontoclasm_vaults_bender, v_misc_22, v_misc_27, grunt_vaults_funnel,
          nicolae_vaults_fighting_squares, nicolae_vaults_ninety_degrees,
          vaults_room_grid, layout_vaults_maze, serial_shops, shop
Vaults:4: vaults_room_fancy_cross, v_rooms_5,
          vaults_standard_mumra_enter_the_diamond, grunt_vaults_swirl,
          hangedman_vaults_capsules, nicolae_vaults_ring_of_whatevers,
          hangedman_vaults_cutoff, st_octagons_2,
          nicolae_vaults_diagonal_hallway_9, hangedman_vaults_unwind, v_misc_13,
          vaults_dpeg_encased_lava, layout_vaults_omnibox, serial_shops,
          bzr_entry_gold
Vaults:5: uniq_xtahua, uniq_margery
Depths:1: layout_gridlike, serial_bayou, serial_bayou_shore_a,
          serial_bayou_pond_d, serial_bayou_shore_b, serial_bayou_pond_a,
          hangedman_coc_ice_floe, kiku_gazebo_garden_becter, skrybe_limestone_x,
          hangedman_abyss_or_decor_jellyfish_corner, kennysheep_generic_room_14,
          minmay_shoptagon, uniq_sojobo
Depths:2: lemuel_troll_bridge, layout_cave_shapes, hangedman_geh_valley,
          rand_demon_pan_entry_3, serial_shops, shop,
          nicolae_hepliaklqana_hazy_memory, minmay_misc_feat_columns,
          hangedman_abyss_or_decor_passed, st_stairs_11
Depths:3: nicolae_cairo_tiling_large_dashed, layout_honeycomb, hell_entry,
          nicolae_abyss_entry_one_way_or_another,
          infiniplex_staircase_split_hallway, serial_bayou_shore_b,
          firewood_loft
Depths:4: grunt_zot_entry_alcove, layout_cave_shapes, enter_ziggurat_b,
          hell_entry, lemuel_tele_altar
Zot:1:    evilmike_crystal_ball_defense, layout_twisted_circle, drop_trap,
          st_stairs_7, grunt_ministairs_13

Skill      XL: |  1  2  3  4  5  6  7  8  9 10 11 12 13 14 15 16 17 18 19 20 21 22 23 24 |
---------------+-------------------------------------------------------------------------+-----
Stealth        | 1 3 4 7 8 |  8.6
Short Blades   | 4 5 6 8 10 | 10.0
Fighting       | 4 5 6 8 9 10 11 12 14 15 16 17 18 19 20 | 20.9
Shields        | 2 3 5 7 9 10 11 12 13 14 15 | 15.0
Evocations     | 1 6 9 11 12 14 15 16 17 18 | 18.6
Maces & Flails | 2 5 8 10 12 | 12.0
Armour         | 5 7 9 10 11 12 13 14 15 | 15.9
Dodging        | 4 6 8 9 10 11 12 13 | 13.8
Polearms       | 9 12 | 12.0

Action                   |  1- 3 |  4- 6 |  7- 9 | 10-12 | 13-15 | 16-18 | 19-21 | 22-24 | 25-27 || total
-------------------------+-------+-------+-------+-------+-------+-------+-------+-------+-------++-------
Melee: Short sword       |    41 |       |       |       |       |       |       |       |       ||    41
       Dagger            |    89 |   233 |   375 |   619 |    65 |       |       |       |       ||  1381
       Demon whip        |       |       |       |    13 |  1153 |  1359 |  1252 |       |       ||  3777
       Constrict         |       |       |       |       |   238 |   286 |   300 |   284 |     3 ||  1111
       Lance             |       |       |       |       |       |       |   594 |  2376 |    30 ||  3000
Throw: Dart              |       |       |    21 |    34 |     5 |    14 |     3 |       |       ||    77
Invok: Berserk           |     2 |     4 |     7 |     8 |     4 |     2 |     1 |     1 |     1 ||    30
       Trog's Hand       |       |       |       |       |     2 |     2 |     2 |     5 |     1 ||    12
       Brothers in Arms  |       |       |       |       |     2 |     1 |     1 |       |       ||     4
 Abil: Spit Poison       |     3 |    13 |    15 |     8 |       |       |       |       |       ||    39
Evoke: Wand              |       |       |       |       |     9 |       |    24 |     3 |       ||    36
       Tin of tremorston |       |       |       |       |     1 |     2 |    13 |     4 |     2 ||    22
       Lightning rod     |       |       |       |       |     4 |     4 |     1 |       |       ||     9
       Condenser vane    |       |       |       |       |     1 |     4 |     2 |    10 |       ||    17
       Box of beasts     |       |       |       |       |     1 |     1 |     3 |     1 |       ||     6
  Use: Scroll            |     3 |     3 |     6 |     9 |    19 |    10 |     4 |     5 |       ||    59
       Potion            |     1 |       |       |       |     3 |     3 |     3 |     6 |       ||    16
 Stab: Sleeping          |     2 |     5 |     4 |    10 |    19 |       |       |       |       ||    40
       Distracted        |       |       |     1 |       |       |     1 |     2 |       |       ||     4
       Invisible         |       |       |       |       |    10 |       |       |       |       ||    10
Armor: Animal skin       |    16 |    16 |       |       |       |       |       |       |       ||    32
       Leather armour    |       |    11 |    92 |    74 |   103 |       |       |       |       ||   280
       Shadow dragon sca |       |       |       |       |    51 |       |       |       |       ||    51
       Crystal plate arm |       |       |       |       |   173 |   528 |   574 |   492 |    14 ||  1781
Dodge: Dodged            |    54 |   119 |   168 |   114 |   154 |   178 |   297 |   329 |    16 ||  1429
       Repelled          |       |       |     1 |       |     4 |       |       |       |       ||     5
Block: Tower shield      |       |       |   126 |   473 |  1062 |  1400 |  1642 |  1638 |    23 ||  6364

Table legend: (Time is in decaauts)
 A = Elapsed time spent in this place.
 B = Non-inter-level travel time spent in this place.
 C = Inter-level travel time spent in this place.
 D = Time resting spent in this place.
 E = Time spent auto-exploring this place.
 F = Levels seen in this place.
 G = Mean time per level.
                   A        B        C        D        E       F      G
               +--------+--------+--------+--------+--------+-----+--------+
         Total |  56143 |  51077 |   5066 |   3134 |  35922 |  49 | 1145.8 |
       Dungeon |  19757 |  18277 |   1480 |   2142 |  12497 |  15 | 1317.1 |
          Lair |   8416 |   6756 |   1660 |    126 |   5326 |   6 | 1402.7 |
        Shoals |   3848 |   3646 |    202 |      0 |   2538 |   4 |  962.0 |
   Spider Nest |   4014 |   3779 |    235 |    112 |   2720 |   4 | 1003.5 |
  Orcish Mines |   1441 |   1213 |    228 |     13 |    874 |   2 |  720.5 |
   Elven Halls |   4014 |   3876 |    138 |    293 |   2623 |   3 | 1338.0 |
        Vaults |   7406 |   6648 |    758 |    183 |   4666 |   5 | 1481.2 |
        Depths |   4860 |   4498 |    362 |      0 |   3514 |   4 | 1215.0 |
           Zot |    715 |    715 |      0 |     29 |    507 |   1 |  715.0 |
        Bazaar |     94 |     94 |      0 |      0 |     57 |   1 |   94.0 |
         Sewer |    187 |    187 |      0 |     55 |     46 |   1 |  187.0 |
        Bailey |    118 |    118 |      0 |      0 |      0 |   1 |  118.0 |
        Wizlab |    692 |    692 |      0 |      0 |    360 |   1 |  692.0 |
      Gauntlet |    574 |    574 |      0 |    178 |    188 |   1 |  574.0 |
               +--------+--------+--------+--------+--------+-----+--------+

Top non-repeatable levels by time:
     D:1: 2204 daAuts
    D:12: 2153 daAuts
Vaults:2: 2086 daAuts
Vaults:1: 1808 daAuts
   Elf:3: 1778 daAuts
     D:5: 1695 daAuts
Vaults:4: 1668 daAuts
Vaults:3: 1646 daAuts
  Lair:6: 1585 daAuts
     D:8: 1556 daAuts
  Lair:3: 1540 daAuts
     D:3: 1399 daAuts
     D:4: 1397 daAuts
     D:6: 1397 daAuts
Depths:3: 1366 daAuts
